 Dungeon Sprint DCSS version 0.27-a0-797-g27d10ad80f (webtiles) character file.

Game seed: 11024511051448874100

273943 mhtbhm the Ninja (level 12, 69/69 HPs)
             Began as a Spriggan Brigand on Mar 27, 2021.
             Was the Champion of Dithmenos.
             Escaped with the Orb!
             The game lasted 00:12:49 (3249 turns).

mhtbhm the Ninja (Spriggan Brigand)                 Turns: 3249, Time: 00:12:50

Health: 69/69      AC:  7    Str:  9    XL:     12   Next: 41%
Magic:  14/14      EV: 26    Int: 13    God:    Dithmenos [******]
Gold:   400        SH:  0    Dex: 19    Spells: 11/11 levels left

rFire    + . .     SeeInvis +   a - +7 rapier (elec)
rCold    + . .     Faith    .   (shield restricted)
rNeg     . . .     Spirit   .   b - +2 robe {rC+}
rPois    +         Reflect  .   (helmet restricted)
rElec    .         Harm     .   c - +2 cloak
rCorr    +         Rampage  .   (gloves unavailable)
Will     ++...     NoTele   +   (boots unavailable)
Stlth    +++++++...             m - amulet "Nicwybluewa" {Acrobat rPois Stlth+}
HPRegen  0.21/turn              q - ring of protection from fire
MPRegen  0.14/turn              x - ring of resist corrosion

@: hasted, wreathed by umbra, very quick
A: very small, no large weapons, unfitting armour, see invisible, speed 3
0: Orb of Zot
a: Renounce Religion, Shadow Step, Shadow Form


You escaped.
You worshipped Dithmenos.
Dithmenos was exalted by your worship.
You visited 1 branch You collected 4386 gold pieces.
You spent 3986 gold pieces at shops.

Inventory:

Hand Weapons
 a - a +7 rapier of electrocution (weapon)
Missiles
 d - 8 poisoned darts
 e - 10 curare-tipped darts (quivered)
 v - 23 arrows
Armour
 b - a +2 robe of cold resistance (worn)
 c - a +2 cloak (worn)
 j - +0 gold dragon scales
Jewellery
 m - the amulet "Nicwybluewa" (around neck) {Acrobat rPois Stlth+}
   (You acquired it in the Dungeon)

   [amulet of the acrobat]

   It helps you evade while moving and waiting.
   It protects you from poison.
   It makes you more stealthy.
 q - a ring of protection from fire (left hand)
 x - a ring of resist corrosion (right hand)
 D - a ring of positive energy
Wands
 k - a wand of polymorph (9)
 n - a wand of paralysis (10)
 C - a wand of mindburst (14)
Scrolls
 l - a scroll of magic mapping
 r - 3 scrolls of holy word
 s - 4 scrolls of immolation
 u - 2 scrolls of identify
 w - a scroll of enchant weapon
 y - a scroll of fog
Potions
 f - 4 potions of curing
 g - 4 potions of heal wounds
 i - 2 potions of magic
 o - a potion of cancellation
 t - 4 potions of flight
 z - a potion of ambrosia
 A - a potion of attraction
 B - a potion of mutation
 E - a potion of might {unknown}


   Skills:
 + Level 10.8 Fighting
 + Level 19.1 Short Blades
 + Level 9.4 Throwing
 + Level 11.1 Dodging
 O Level 27 Stealth
 + Level 2.5 Invocations


You had 11 spell levels left.
You didn't know any spells.
Your spell library contained the following spells:

 Spells                   Type           Power      Damage    Failure   Level
 Summon Ice Beast         Ice/Summ       0%         N/A       97%         4
 Summon Hydra             Summ           0%         N/A       100%        7
 Dragon's Call            Summ           0%         N/A       100%        9


Dungeon Overview and Level Annotations

Branches:
Dungeon (1/1)

Altars:
Cheibriados
Dithmenos
Elyvilon
Fedhas
Gozag
Hepliaklqana
Kikubaaqudgha
Makhleb
Nemelex Xobeh
Okawaru
Qazlal
Ru
Sif Muna
Trog
Uskayaw
Vehumet
Wu Jian
Xom
Yredelemnul
Zin
The Shining One
Jiyva
Lugonu

Shops:
D ([*=***((?*=(?*[*!

Annotations:
D Tiamat


Innate Abilities, Weirdness & Mutations

You are very small and have problems with some larger weapons.
You are too small for most types of armour.
You have supernaturally acute eyesight. (SInv)
You cover ground extremely quickly. (Speed+++)


Message History

You see here a +0 great sword of flaming.
Blink to where?
Press: ? - help, Dir - move target
As you read the scroll of blinking, it crumbles to dust.
You pick up the Orb of Zot!
The Orb lets out a hideous shriek!
The lords of Pandemonium are not amused.
Beware!
Now all you have to do is get back out of the dungeon!
Blink to where?
Press: ? - help, Dir - move target
As you read the scroll of blinking, it crumbles to dust.
You see here a +0 great sword of flaming.
Things that are here:
a +2 great sword of flaming; a fire giant skeleton
There is an open door here.
You see here a +1 great sword of flaming.
The daeva shouts!
There is an open door here.
There is an open door, spattered with blood here.
There is an open door, spattered with blood here.
There is an open door here.
Things that are here:
a +0 dagger of flaming; a +0 robe
There is an open door, spattered with blood here.
There is an open door here.
You avoid triggering an arrow trap.
There is an arrow trap here.
A chaos spawn comes into view.
There is an open door here.
There is an open door here.
Things that are here:
a +0 scythe; a +0 robe You feel yourself speed up.
The chaos spawn closely misses you.
There is an open door here.
There is an open door here.
You see here a +0 giant spiked club.
There is an open door, spattered with blood here.
Things that are here:
a +0 dagger; a +0 ring mail
There is a staircase leading out of the dungeon here.
You have escaped!

##################
#@.#..)..#.)'..#__
#..)..#..'4.#..'^.
#..#####'#####'#__
#..####..#...#.###
#..#__####..##.#§§
#..#_____##'#_§§§§
#⌠⌠#_.∩...'..§_#≈§
####_..__##_.#'##§
*,,#_____###'#.#)§


There were no monsters in sight!

Vanquished Creatures
  A golden dragon (D)
  A shadow dragon (D)
  3 fire giants (D)
  A hydra (D)
  2 centaur warriors (D)
  Sonja (D)
  A deep troll (D)
  A lindwurm (D)
  An oklob plant (D)
  7 unseen horrors (D)
  A gargoyle (D)
  2 kobold demonologists (D)
  4 demonic crawlers (D)
  A hornet (D)
  A slime creature (D)
  2 redbacks (D)
  A yak (D)
  Sigmund (D)
  13 hogs (D)
  3 floating eyes (D)
  7 necrophages (D)
  An ogre (D)
  8 jellies (D)
  Ijyb (D)
  2 ballistomycete spores (D)
67 creatures vanquished.

Vanquished Creatures (others)
  A fire giant (D)
  A gargoyle (D)
2 creatures vanquished.

Grand Total: 69 creatures vanquished

Notes
Turn   | Place    | Note
-------+----------+-------------------------------------------
     0 | D        | mhtbhm the Spriggan Brigand began the quest for the Orb.
     0 | D        | Reached XP level 1. HP: 10/10 MP: 2/2
     2 | D        | Noticed Ijyb
    12 | D        | Killed Ijyb
    13 | D        | Reached skill level 9 in Stealth
    13 | D        | Reached XP level 2. HP: 13/15 MP: 3/3
    42 | D        | Noticed an ogre
    48 | D        | Killed an ogre
    49 | D        | Reached skill level 12 in Stealth
    49 | D        | Reached XP level 3. HP: 19/19 MP: 4/4
    49 | D        | Reached XP level 4. HP: 23/23 MP: 5/5
   159 | D        | Noticed Sigmund
   162 | D        | Killed Sigmund
   163 | D        | Reached skill level 5 in Short Blades
   163 | D        | Reached skill level 15 in Stealth
   163 | D        | Reached XP level 5. HP: 28/28 MP: 6/6
   176 | D        | Found an ornate altar of the Wu Jian Council.
   176 | D        | Found a shimmering blue altar of Sif Muna.
   178 | D        | Found a radiant altar of Vehumet.
   183 | D        | Reached XP level 6. HP: 32/32 MP: 7/7
   184 | D        | Found Usewod's Antique Armour Emporium.
   184 | D        | Found an ancient bone altar of Kikubaaqudgha.
   184 | D        | Found a hazy altar of Hepliaklqana.
   184 | D        | Found a stormy altar of Qazlal.
   184 | D        | Found a hide-covered altar of Uskayaw.
   184 | D        | Found a blossoming altar of Fedhas.
   184 | D        | Found a bloodstained altar of Trog.
   184 | D        | Found an iron altar of Okawaru.
   184 | D        | Found a basalt altar of Yredelemnul.
   184 | D        | Found a glowing golden altar of the Shining One.
   184 | D        | Found a snail-covered altar of Cheibriados.
   184 | D        | Found a sacrificial altar of Ru.
   184 | D        | Found a glowing silver altar of Zin.
   184 | D        | Found a shadowy altar of Dithmenos.
   184 | D        | Found a white marble altar of Elyvilon.
   184 | D        | Noticed a yak
   185 | D        | Found an opulent altar of Gozag.
   186 | D        | Killed a yak
   187 | D        | Reached skill level 5 in Throwing
   187 | D        | Reached skill level 17 in Stealth
   187 | D        | Found a sparkling altar of Nemelex Xobeh.
   195 | D        | Became a worshipper of Dithmenos the Shadowed
   245 | D        | Noticed Sonja
   249 | D        | Killed Sonja
   250 | D        | Reached skill level 20 in Stealth
   250 | D        | Reached XP level 7. HP: 38/38 MP: 8/8
   268 | D        | Found Bakac's Antique Weapon Boutique.
   277 | D        | Bought a runed rapier for 105 gold pieces
   373 | D        | Noticed a deep troll
   377 | D        | Killed a deep troll
   378 | D        | Reached skill level 21 in Stealth
   378 | D        | Reached XP level 8. HP: 42/42 MP: 9/9
   387 | D        | Found Pysad's Armour Emporium.
   403 | D        | Bought a +2 robe of cold resistance for 247 gold pieces
   440 | D        | Found a burning altar of Makhleb.
   440 | D        | Found a viscous altar of Jiyva.
   440 | D        | Found a shimmering altar of Xom.
   440 | D        | Found a corrupted altar of Lugonu.
   440 | D        | Noticed a slime creature
   443 | D        | Killed a slime creature
   443 | D        | Reached * piety under Dithmenos
   444 | D        | Reached skill level 22 in Stealth
   457 | D        | Noticed a kobold demonologist
   458 | D        | Noticed a red devil
   458 | D        | Noticed a kobold demonologist
   463 | D        | Noticed a rust devil
   467 | D        | Killed a kobold demonologist
   468 | D        | Reached skill level 5 in Fighting
   468 | D        | Reached XP level 9. HP: 29/47 MP: 10/10
   475 | D        | Killed a kobold demonologist
   475 | D        | Reached ** piety under Dithmenos
   476 | D        | Reached skill level 23 in Stealth
   602 | D        | Killed a gargoyle
   721 | D        | Noticed a centaur warrior
   725 | D        | Noticed a centaur warrior
   726 | D        | Killed a centaur warrior
   727 | D        | Reached skill level 24 in Stealth
   727 | D        | Killed a centaur warrior
   740 | D        | Reached skill level 25 in Stealth
   750 | D        | Noticed an oklob plant
   752 | D        | Killed an oklob plant
   752 | D        | Reached *** piety under Dithmenos
   753 | D        | Reached skill level 10 in Short Blades
   753 | D        | Reached skill level 5 in Dodging
   753 | D        | Reached XP level 10. HP: 53/53 MP: 11/11
   816 | D        | Reached **** piety under Dithmenos
   817 | D        | Reached skill level 26 in Stealth
  1008 | D        | Reached ***** piety under Dithmenos
  1137 | D        | Reached ****** piety under Dithmenos
  1156 | D        | Found Reux's Jewellery Shoppe.
  1156 | D        | Found Dumoqam's Assorted Antiques.
  1156 | D        | Found Gisogg's General Store.
  1158 | D        | Found Faxoe's Assorted Antiques.
  1158 | D        | Found Nahis's Assorted Antiques.
  1158 | D        | Found Uhuuffum's Weapon Shoppe.
  1158 | D        | Found Axugil's Weapon Boutique.
  1158 | D        | Found Huyll's Magic Scroll Emporium.
  1158 | D        | Found Holelay's General Store.
  1158 | D        | Found Wikank's Jewellery Shoppe.
  1162 | D        | Found Bualou Kaga's Weapon Boutique.
  1163 | D        | Found Lostasat's General Store.
  1163 | D        | Found Bidah's Magic Scroll Boutique.
  1164 | D        | Found Kuelytz's Assorted Antiques.
  1174 | D        | Bought a scroll of blinking for 97 gold pieces
  1185 | D        | Bought a ring of protection from fire for 350 gold pieces
  1198 | D        | Bought a scroll of blinking for 97 gold pieces
  1198 | D        | Bought a scroll of holy word for 97 gold pieces
  1198 | D        | Bought a scroll of magic mapping for 45 gold pieces
  1203 | D        | Bought a scroll of identify for 22 gold pieces
  1204 | D        | Identified a scroll of acquirement
  1206 | D        | Acquired the amulet "Nicwybluewa" {Acrobat rPois Stlth+}
  1215 | D        | Bought 3 scrolls labelled TUUTEA IJISUTS for 60 gold pieces
  1215 | D        | Bought a scroll of identify for 40 gold pieces
  1215 | D        | Bought a scroll labelled GAPHYWKAHOD for 20 gold pieces
  1279 | D        | Reached skill level 27 in Stealth
  1291 | D        | Noticed a gargoyle
  1294 | D        | Killed a gargoyle
  1322 | D        | Noticed a lindwurm
  1324 | D        | Killed a lindwurm
  1352 | D        | Reached XP level 11. HP: 38/58 MP: 12/12
  1958 | D        | Noticed a 12-headed hydra
  1967 | D        | Killed a 12-headed hydra
  2032 | D        | Noticed a shadow dragon
  2032 | D        | Noticed a golden dragon
  2033 | D        | Killed a shadow dragon
  2034 | D        | Reached skill level 15 in Short Blades
  2035 | D        | Killed a golden dragon
  2036 | D        | Reached skill level 1 in Invocations
  2037 | D        | Identified the Compendium of the Escort
  2102 | D        | Found Jockus's Distillery.
  2120 | D        | Bought a potion of flight for 42 gold pieces
  2120 | D        | Bought a potion of flight for 42 gold pieces
  2120 | D        | Bought a potion of flight for 42 gold pieces
  2120 | D        | Bought a potion of heal wounds for 70 gold pieces
  2120 | D        | Bought a potion of heal wounds for 70 gold pieces
  2128 | D        | Bought a potion of haste for 140 gold pieces
  2365 | D        | Bought a scroll of acquirement for 676 gold pieces
  2365 | D        | Acquired 1319 gold pieces
  2370 | D        | Bought a scroll of enchant armour for 75 gold pieces
  2370 | D        | Bought a scroll of enchant armour for 75 gold pieces
  2370 | D        | Bought a potion of heal wounds for 50 gold pieces
  2378 | D        | Bought a scroll of blinking for 97 gold pieces
  2384 | D        | Bought a potion of berserk rage for 50 gold pieces
  2385 | D        | Bought a scroll of brand weapon for 260 gold pieces
  2389 | D        | Bought a scroll of enchant weapon for 157 gold pieces
  2389 | D        | Bought a scroll of blinking for 157 gold pieces
  2389 | D        | Bought a small jade ring for 105 gold pieces
  2389 | D        | Bought a cyan potion for 18 gold pieces
  2391 | D        | Bought a scroll of holy word for 142 gold pieces
  2391 | D        | Bought a scroll of identify for 38 gold pieces
  2392 | D        | Bought a potion of flight for 30 gold pieces
  2392 | D        | Bought a scroll of fog for 20 gold pieces
  2394 | D        | Bought a fizzy cyan potion for 25 gold pieces
  2394 | D        | Bought a scroll of blinking for 210 gold pieces
  2394 | D        | Bought a glowing red potion for 25 gold pieces
  2394 | D        | Bought a short gold wand for 112 gold pieces
  2401 | D        | Bought a scroll of identify for 26 gold pieces
  2401 | D        | Bought a scroll of identify for 26 gold pieces
  2401 | D        | Bought a scroll of identify for 26 gold pieces
  2485 | D        | Noticed a daeva
  2492 | D        | Reached skill level 10 in Dodging
  2499 | D        | Reached XP level 12. HP: 67/67 MP: 12/14
  2502 | D        | Noticed a fire giant
  2503 | D        | Noticed a fire giant
  2503 | D        | Noticed a fire giant
  2503 | D        | Noticed a fire giant
  2504 | D        | Killed a fire giant
  2505 | D        | Reached skill level 10 in Fighting
  2566 | D        | Killed a fire giant
  2584 | D        | Killed a fire giant
  2683 | D        | HP: 3/69 [fire giant/fireball (28)]
  2803 | D        | HP: 1/69 [fire giant/fireball (23)]
  2803 | D        | Killed a fire giant
  3112 | D        | Found the +4 dragonskin cloak
  3112 | D        | Noticed Tiamat
  3180 | D        | Got the Orb of Zot
  3249 | D        | Escaped with the Orb!

Illustrated notes

Levels and vault maps discovered:
D:        dungeon_sprint_1 [red_sonja_temple_1, red_sonja_temple_small_1]

Skill      XL: |  1  2  3  4  5  6  7  8  9 10 11 12 |
---------------+-------------------------------------+-----
Fighting       | 2 3 4 5 7 9 10 | 10.8
Short Blades   | 3 4 5 6 7 8 10 13 17 19 | 19.1
Stealth        | 9 12 15 20 21 22 25 27 | 27.0
Throwing       | 3 4 6 7 8 9 |  9.4
Dodging        | 2 3 5 7 10 11 | 11.1
Invocations    | 1 2 |  2.5

Action                   |  1- 3 |  4- 6 |  7- 9 | 10-12 || total
-------------------------+-------+-------+-------+-------++-------
Melee: Dagger            |     6 |     4 |       |       ||    10
       Rapier            |       |       |    22 |   134 ||   156
Throw: Dart              |     4 |       |       |     3 ||     7
Invok: Shadow Step       |       |       |       |     4 ||     4
  Use: Potion            |       |       |     1 |     4 ||     5
       Scroll            |       |       |     1 |    22 ||    23
 Stab: Sleeping          |       |     4 |     6 |    30 ||    40
       Distracted        |       |       |       |     3 ||     3
Armor: Robe              |       |       |     3 |     6 ||     9
Dodge: Dodged            |     2 |       |    17 |    49 ||    68

Table legend: (Time is in decaauts)
 A = Elapsed time spent in this place.
 B = Non-inter-level travel time spent in this place.
 C = Inter-level travel time spent in this place.
 D = Time resting spent in this place.
 E = Time spent auto-exploring this place.
 F = Levels seen in this place.
 G = Mean time per level.
                   A        B        C        D        E       F      G
               +--------+--------+--------+--------+--------+-----+--------+
         Total |   2751 |   2751 |      0 |   1764 |      0 |   1 | 2751.0 |
       Dungeon |   2751 |   2751 |      0 |   1764 |      0 |   1 | 2751.0 |
               +--------+--------+--------+--------+--------+-----+--------+

Top non-repeatable levels by time:
       D: 2751 daAuts
